 Dungeon Crawl Stone Soup version 0.28.0-53-g5a82cb258f (webtiles) character file.

Game seed: 11071838930029571340

22 Zeld the Conjurer (level 2, -1/20 HPs)
             Began as a Draconian Conjurer on June 6, 2022.
             Frozen to death by an endoplasm (5 damage)
             ... on level 3 of the Dungeon.
             The game lasted 00:01:21 (1000 turns).

Zeld the Conjurer (Draconian Conjurer)              Turns: 1000, Time: 00:01:22

Health: -1/20      AC:  4    Str:  9    XL:     2   Next: 68%
Magic:  3/5        EV: 12    Int: 18    God:
Gold:   3          SH:  0    Dex:  9    Spells: 2/5 levels left

rFire   . . .      SeeInvis .   (no weapon)
rCold   . . .      Faith    .   (no shield)
rNeg    . . .      Spirit   .   (armour unavailable)
rPois   .          Reflect  .   (helmet restricted)
rElec   .          Harm     .   (no cloak)
rCorr   .          Rampage  .   (no gloves)
Will    .....                   (no boots)
Stlth   ++........              (no amulet)
HPRegen 0.06/turn               (no ring)
MPRegen 0.09/turn               (no ring)

@: no status effects
A: AC +4, unfitting armour, cold-blooded
a: no special abilities


You were on level 3 of the Dungeon.
You visited 1 branch of the dungeon, and saw 3 of its levels.

You collected 3 gold pieces.

Inventory:

Scrolls
 c - a scroll of enchant weapon {unknown}
 d - 3 scrolls of amnesia {unknown}
 f - a scroll of identify {unknown}
Potions
 a - a potion of magic {unknown}
 b - a potion of haste {unknown}
 e - 3 potions of curing {unknown}


   Skills:
 - Level 1.7 Dodging
 - Level 1.7 Stealth
 + Level 2.2 Spellcasting
 + Level 4.1 Conjurations
 * Level 1.0 Hexes
 * Level 1.2 Translocations


You had 2 spell levels left.
You knew the following spells:

 Your Spells              Type           Power      Damage    Failure   Level
a - Magic Dart            Conj           64%        1d6       3%          1
b - Searing Ray           Conj           32%        2d5       4%          2

Your spell library contained the following spells:

 Spells                   Type           Power      Damage    Failure   Level
 Dazzling Flash           Conj/Hex       22%        N/A       19%         3
 Fulminant Prism          Conj/Hex       5%         3d7       52%         4
 Iskenderun's Mystic Bla  Conj/Tloc      11%        2d4       52%         4


Dungeon Overview and Level Annotations

Branches:
Dungeon (3/15)

Altars:


Innate Abilities, Weirdness & Mutations

Your plain brown scales are hard. (AC +4)
You cannot fit into any form of body armour.
You are cold-blooded and may be slowed by cold attacks.


Message History

The orc wizard gestures wildly while chanting.
The orc wizard flickers and vanishes!
Deactivating autopickup; reactivate with Ctrl-A.
You are confused.
The endoplasm freezes you.
You are frozen.
You feel yourself slow down. The endoplasm closely misses you.
You hear some strange, mumbled words.
Something tries to affect you, but you resist.
You feel less confused. The endoplasm misses you.
There is an open door here.
The endoplasm freezes you.
You are frozen.
You feel as though you will be slow longer.
You hear some strange, mumbled words.
Something tries to affect you, but you resist.
The endoplasm freezes you.
You are frozen.
There is a stone staircase leading down here.
The endoplasm freezes you.
You are frozen.
* * * LOW HITPOINT WARNING * * *
You climb downwards.
Reactivating autopickup.
Found 16 gold pieces.
Found a stone staircase leading down.
There is a stone staircase leading up here.
You are too injured to fight recklessly!
Casting: Searing Ray (safe; 4% risk of failure)
Confirm with . or Enter, or press ? or * to list all spells.
Aiming: Magic Dart (safe; 3% risk of failure)
Press: ? - help, Shift-Dir - straight line, f - endoplasm
Aim: an endoplasm (100% to hit)
The magic dart hits the endoplasm.
The endoplasm is moderately wounded.
You feel yourself speed up.
The endoplasm hits you but does no damage.
The endoplasm freezes you.
You are frozen.
You die...

#. #.##
#.$.
#### ...
... # ..
.>.
#.#.##.#
#....J.#
#@#
#....#
#.#.## #
.. ##.
#. #. ..


You could see an endoplasm.

Vanquished Creatures
  An orc (D:2)
  2 bats
  3 endoplasms (D:1)
  2 hobgoblins (D:1)
  3 quokkas (D:1)
  A ball python (D:1)
  2 goblins
  3 kobolds
  2 rats (D:1)
19 creatures vanquished.

Notes
Turn   | Place    | Note
-------+----------+-------------------------------------------
     0 | D:1      | Zeld the Draconian Conjurer began the quest for the Orb.
     0 | D:1      | Reached XP level 1. HP: 14/14 MP: 3/3
   230 | D:1      | Reached XP level 2. HP: 20/20 MP: 0/5
   233 | D:1      | Learned a level 2 spell: Searing Ray
   399 | D:1      | Found a faded altar of an unknown god.
   584 | D:1      | Reached skill level 1 in Translocations
   797 | D:1      | Reached skill level 1 in Hexes
  1000 | D:3      | Frozen to death by an endoplasm

Illustrated notes

Levels and vault maps discovered:
D:1:      lightli_arrival_flooded_house, layout_basic,
          hellmonk_ecumenical_altar_crossroads
D:2:      layout_basic, minivault_19, minmay_misc_feat_tower, uniq_sigmund
D:3:      layout_loops_cross, mainiacjoe_overflow_tiny_flanked,
          overflow_temple_1_default, serial_bayou_crossing

Skill      XL: |  1  2 |
---------------+-------+-----
Translocations | 1 |  1.2
Hexes          | 1 |  1.0
Dodging        | |  1.7
Stealth        | |  1.7
Spellcasting   | |  2.2
Conjurations   | |  4.1

Action                   || total
-------------------------++-------
 Cast: Magic Dart        ||    34
       Searing Ray       ||     1
Armor: Skin              ||     2
Dodge: Dodged            ||     6
